 Dungeon Crawl Stone Soup version 0.31-a0-1206-g41278d8d1d (webtiles) character file.

Game seed: 11126021620852442925

2634 gruber the Chiller (level 9, -7/57 HPs)
             Began as a Demonspawn Ice Elementalist on Dec 13, 2023.
             Was a Believer of Kikubaaqudgha.
             Killed from afar by a gargoyle (19 damage)
             ... with a stone arrow
             ... on level 7 of the Dungeon.
             The game lasted 00:10:10 (7172 turns).

gruber the Chiller (Demonspawn Ice Elementalist)    Turns: 7172, Time: 00:10:11

Health: -7/57      AC: 14    Str: 11    XL:     9   Next: 35%
Magic:  14/19      EV: 11    Int: 29    God:    Kikubaaqudgha [**....]
Gold:   426        SH:  4    Dex: 13    Spells: 7/22 levels left

rFire   . . .        j - +2 short sword (speed)
rCold   . . .        (no shield)
rNeg    . . .        z - +0 ring mail
rPois   .            (helmet restricted)
rElec   .            (no cloak)
rCorr   +            y - +0 pair of gloves
SInv    .            (no boots)
Will    .....        h - amulet of the acrobat
Stlth   +            o - +6 ring of intelligence
HPRegen 0.29/turn    r - ring "Koes Cet" {rCorr Str+3 Int+2}
MPRegen 0.16/turn

%: acrobat
@: ice-armoured
A: antennae 2, spiny 2, sturdy frame 1, condensation shield
a: Renounce Religion, Unearth Wretches


You were on level 7 of the Dungeon.
You worshipped Kikubaaqudgha.
Kikubaaqudgha was pleased with you.
You visited 2 branches of the dungeon, and saw 8 of its levels.

You collected 426 gold pieces.

Inventory:

Hand Weapons
 j - a +2 short sword of speed (weapon)
Missiles
 a - 4 throwing nets
Armour
 q - a +0 leather armour
 y - a +0 pair of gloves (worn)
 z - a +0 ring mail (worn)
Jewellery
 h - an amulet of the acrobat (around neck)
 o - a +6 ring of intelligence (left hand)
 r - the ring "Koes Cet" (right hand) {rCorr Str+3 Int+2}
   (You found it on level 4 of the Dungeon)

   [ring of resist corrosion]

   Str+3:     It affects your strength (+3).
   Int+2:     It affects your intelligence (+2).
   rCorr:     It protects you from acid and corrosion.
Wands
 s - a wand of digging (10)
 B - a wand of charming (9)
Scrolls
 c - a scroll of amnesia {unknown}
 e - 12 scrolls of identify {unknown}
 g - a scroll of silence {unknown}
 l - 5 scrolls of poison {unknown}
 n - a scroll of revelation {unknown}
 u - a scroll of fog {unknown}
 v - a scroll of noise {unknown}
 w - a scroll of vulnerability {unknown}
 A - a scroll of fear {unknown}
Potions
 b - 3 potions of magic
 d - 2 potions of invisibility
 f - 5 potions of curing
 i - a potion of berserk rage {unknown}
 k - 4 potions of enlightenment {unknown}
 m - 3 potions of cancellation {unknown}
 p - a potion of haste {unknown}
 t - a potion of might {unknown}
 x - 2 potions of brilliance {unknown}
 C - a potion of heal wounds {unknown}


   Skills:
 * Level 6.5 Armour
 - Level 1.7 Dodging
 - Level 1.7 Stealth
 - Level 7.1 Spellcasting
 - Level 3.2 Necromancy
 - Level 7.1 Ice Magic


You had 7 spell levels left.
You knew the following spells:

 Your Spells              Type           Power      Damage    Failure   Level
a - Freeze                Ice            100%       1d10      1%          1
b - Frozen Ramparts       Ice            100%       1d16      1%          3
c - Ozocubu's Armour      Ice            51%        N/A       1%          3
d - Summon Ice Beast      Ice/Summ       31%        N/A       17%         4
e - Animate Dead          Necr           29%        N/A       19%         4

Your spell library contained the following spells:

 Spells                   Type           Power      Damage    Failure   Level
 Necrotise                Necr           100%       1d9       1%          1
 Vampiric Draining        Necr           29%        2d8       6%          3
 Cigotuvi's Dreadful Rot  Necr/Pois/Air  32%        N/A       7%          2
 Apportation              Tloc           20%        N/A       8%          1
 Magic Dart               Conj           40%        1d5       8%          1
 Jinxbite                 Hex            20%        N/A       11%         2
 Searing Ray              Conj           20%        2d5       11%         2
 Dispel Undead            Necr           29%        3d13      19%         4
 Fulminant Prism          Conj/Hex       5%         3d7       58%         4
 Leda's Liquefaction      Hex/Erth       5%         N/A       58%         4
 Alistair's Intoxication  Tmut/Pois      6%         N/A       90%         5
 Lee's Rapid Deconstruct  Erth           5%         3d6*      90%         5
 Death Channel            Necr           14%        N/A       96%         6
 Bombard                  Conj/Erth      5%         9d2       100%        6


Dungeon Overview and Level Annotations

Branches:
Dungeon (7/15)             Temple (1/1) D:4

Altars:
Ashenzari
Cheibriados
Dithmenos
Fedhas
Hepliaklqana
Kikubaaqudgha
Nemelex Xobeh
Okawaru
Qazlal
Ru
Sif Muna
Uskayaw
Vehumet
Wu Jian
Yredelemnul

Annotations:
D:4 3 runed translucent doors, BigAl98's ghost, amateur MiFi; Sapher's ghost, amateur MeEE


Innate Abilities, Weirdness & Mutations

You have a pair of antennae on your head.
You are mostly covered in sharp spines.
Your movements are slightly less encumbered by armour. (ER -2)
A meltable shield of frost defends you. (SH +4)


Message History

Unknown command.
You barely miss the gargoyle.
You punch the gargoyle, but do no damage.
Unknown command.
Unknown command.
You hit the gargoyle but do no damage. The gargoyle is struck by your spines.
The gargoyle hits you with a +0 flail.
Your ice beast hits the gargoyle but does no damage.
Unknown command.
You hit the gargoyle.
The gargoyle is lightly damaged.
The gargoyle hits you but does no damage.
Your ice beast hits the gargoyle but does no damage.
Unknown command.
You hit the gargoyle but do no damage.
The gargoyle is lightly damaged.
Unknown command.
You hit the gargoyle.
The gargoyle is lightly damaged.
The gargoyle hits you with a +0 flail!
* * * LOW HITPOINT WARNING * * *
Your ice beast barely misses the gargoyle.
Unknown command.
Unknown command.
You hit the gargoyle but do no damage.
The gargoyle is lightly damaged.
Unknown command.
Unknown command.
You barely miss the gargoyle.
The gargoyle is lightly damaged.
You block the gargoyle's attack.
Your ice beast hits the gargoyle but does no damage.
Unknown command.
Unknown command.
You hit the gargoyle but do no damage.
The gargoyle is lightly damaged.
The gargoyle hurls a stone arrow at you.
The stone arrow hits you!!
You die...
Kikubaaqudgha rasps: "You have failed me!
Welcome... death!"

..........###.......... #
..........## #[....... . .#
...........####.....# ....#
...........##.....## ..#..##
...........>.....## #.....##
................## ##......####
................# ##.........#.
..............[<## ##...9........
........##......@###.............
<.......###.....Y9...............
........###......#...............
..............####...............
........##..### #..##............
.>....####...####..##............
.....## #....)....###...........
.....# #...))....# #.........†.
.....#####)...####..##.......##..


You could see a gargoyle (ally target) and a friendly ice beast (summoned).

Vanquished Creatures
  Duvessa (D:7)
  2 sky beasts
  2 orc warriors
  An ice beast (D:6)
  3 black bears
  A centaur (D:6)
  2 ogres (D:6)
  A phantom (D:3)
  A gnoll sergeant (D:7)
  3 bullfrogs
  3 scorpions
  2 wights
  Dowan (D:7)
  2 hounds
  2 jellies
  4 orc priests
  4 iguanas
  Jessica (D:3)
  A gnoll bouda (D:6)
  5 orc wizards
  15 gnolls
  10 adders
  6 ufetubi
  A worm (D:2)
  3 dart slugs
  12 orcs
  4 endoplasms
  A giant cockroach (D:1)
  6 hobgoblins
  7 jackals (D:2)
  7 quokkas
  A ball python (D:1)
  3 bats
  3 frilled lizards (D:2)
  8 goblins
  10 kobolds
  6 rats
145 creatures vanquished.

Vanquished Creatures (others)
  An orc (D:2)
1 creature vanquished.

Grand Total: 146 creatures vanquished

Notes
Turn   | Place    | Note
-------+----------+-------------------------------------------
     0 | D:1      | gruber the Demonspawn Ice Elementalist began the quest for
                  | the Orb.
     0 | D:1      | Reached XP level 1. HP: 13/13 MP: 3/3
   177 | D:1      | Found a faded altar of an unknown god.
   286 | D:1      | Gained mutation: Your movements are slightly less
                  | encumbered by armour. (ER -2) [demonic ancestry]
   286 | D:1      | Reached XP level 2. HP: 12/19 MP: 0/5
  1070 | D:2      | Gained mutation: You are partially covered in sharp spines.
                  | [demonic ancestry]
  1070 | D:2      | Reached XP level 3. HP: 19/24 MP: 2/6
  1262 | D:2      | Learned a level 3 spell: Frozen Ramparts
  1606 | D:2      | Reached skill level 5 in Ice Magic
  1806 | D:3      | Gained mutation: You have a pair of small antennae on your
                  | head. [demonic ancestry]
  1806 | D:3      | Reached XP level 4. HP: 3/30 MP: 0/7
  2087 | D:3      | Noticed Jessica
  2095 | D:3      | Killed Jessica
  2096 | D:3      | Gained mutation: You have a pair of antennae on your head.
                  | [demonic ancestry]
  2096 | D:3      | Reached XP level 5. HP: 28/35 MP: 4/8
  2432 | D:3      | Noticed a phantom
  2458 | D:3      | Killed a phantom
  2908 | D:4      | Found a runed translucent gate.
  2909 | D:4      | Found a runed translucent gate.
  2910 | D:4      | Found a runed translucent gate.
  2911 | D:4      | Noticed Sapher's ghost (amateur MeEE)
  2912 | D:4      | Noticed BigAl98's ghost (amateur MiFi)
  2963 | D:4      | Reached XP level 6. HP: 41/41 MP: 5/9
  3232 | D:4      | Found a staircase to the Ecumenical Temple.
  3253 | Temple   | Entered the Ecumenical Temple
  3276 | Temple   | Became a worshipper of Kikubaaqudgha
  3436 | D:4      | Identified the ring "Koes Cet" {rCorr Str+3 Int+2}
  3476 | D:4      | Learned a level 3 spell: Ozocubu's Armour
  3762 | D:5      | Entered Level 5 of the Dungeon
  4123 | D:5      | Identified the +4 flail of Reofedui {protect, rN+ Will+
                  | Int+2 Dex+2}
  4176 | D:5      | Reached XP level 7. HP: 39/46 MP: 5/12
  4464 | D:5      | Found a snail-covered altar of Cheibriados.
  4791 | D:6      | Reached skill level 5 in Spellcasting
  4997 | D:6      | Found an ornate altar of the Wu Jian Council.
  5034 | D:6      | Gained mutation: You are mostly covered in sharp spines.
                  | [demonic ancestry]
  5034 | D:6      | Reached XP level 8. HP: 21/52 MP: 0/17
  5398 | D:6      | Reached skill level 1 in Necromancy
  5463 | D:6      | Reached * piety under Kikubaaqudgha
  5463 | D:6      | Received a gift from Kikubaaqudgha
  5671 | D:6      | Reached skill level 1 in Armour
  6231 | D:7      | Noticed Dowan
  6233 | D:7      | Noticed Duvessa
  6240 | D:7      | Killed Duvessa
  6241 | D:7      | Gained mutation: A meltable shield of frost defends you.
                  | (SH +4) [demonic ancestry]
  6241 | D:7      | Reached XP level 9. HP: 57/57 MP: 11/19
  6249 | D:7      | Killed Dowan
  6435 | D:7      | Reached skill level 5 in Armour
  6690 | D:7      | Reached ** piety under Kikubaaqudgha
  7108 | D:7      | Noticed a gargoyle
  7149 | D:6      | Learned a level 4 spell: Summon Ice Beast
  7154 | D:6      | Learned a level 4 spell: Animate Dead
  7172 | D:7      | Killed from afar by a gargoyle

Illustrated notes

Levels and vault maps discovered:
D:1:      wander_arrival_lonely_grave, layout_loops_ring,
          hellmonk_ecumenical_altar_leap_of_faith
D:2:      layout_rooms, chequers_avenue, serial_bayou_ford_a, nrook_campfire,
          chequers_serial_rivers_micro_b, minmay_tall_x
D:3:      layout_loops_ring, kennysheep_generic_room_9, uniq_jessica
D:4:      layout_basic, temple_fountains, gammafunk_ghost_cemetery,
          minmay_misc_feat_columns
D:5:      layout_layer_cave, mainiacjoe_overflow_surrounded_room,
          guppyfry_early_lair_pool
D:6:      layout_loops_corners, nicolae_wu_jian_wuxing_cycle,
          kennysheep_cross_bottleneck, minmay_bent
D:7:      layout_layer_cave, grunt_temple_overflow_gold_and_silver,
          minmay_misc_feat_room, uniq_duvessa
Temple:   bh_familiar_temple

Skill      XL: |  1  2  3  4  5  6  7  8  9 |
---------------+----------------------------+-----
Ice Magic      | 4 5 6 7 |  7.1
Spellcasting   | 3 6 7 |  7.1
Necromancy     | 3 |  3.2
Armour         | 4 6 |  6.5
Dodging        | |  1.7
Stealth        | |  1.7

Action                     |  1- 3 |  4- 6 |  7- 9 || total
---------------------------+-------+-------+-------++-------
  Melee: Whip              |     2 |       |       ||     2
         Short sword       |    54 |    70 |    87 ||   211
         Punch             |       |       |     1 ||     1
   Cast: Freeze            |    51 |    17 |    22 ||    90
         Frozen Ramparts   |     1 |     7 |    24 ||    32
         Ozocubu's Armour  |       |     4 |    21 ||    25
         Summon Ice Beast  |       |       |     1 ||     1
    Use: Potion            |       |     2 |       ||     2
   Stab: Sleeping          |     1 |     1 |       ||     2
         Invisible         |       |     1 |       ||     1
 Armour: Robe              |    53 |    20 |       ||    73
         Leather armour    |       |    14 |    25 ||    39
         Ring mail         |       |       |    36 ||    36
  Dodge: Dodged            |    64 |    51 |    71 ||   186
  Block: Other             |       |       |     6 ||     6

Table legend: (Time is in decaauts)
 A = Elapsed time spent in this place.
 B = Non-inter-level travel time spent in this place.
 C = Inter-level travel time spent in this place.
 D = Time resting spent in this place.
 E = Time spent auto-exploring this place.
 F = Levels seen in this place.
 G = Mean time per level.
                   A        B        C        D        E       F      G
               +--------+--------+--------+--------+--------+-----+--------+
         Total |   7121 |   6723 |    398 |    256 |   5478 |   8 |  890.1 |
       Dungeon |   7075 |   6722 |    353 |    256 |   5478 |   7 | 1010.7 |
        Temple |     45 |      1 |     44 |      0 |      0 |   1 |   45.0 |
               +--------+--------+--------+--------+--------+-----+--------+

Top non-repeatable levels by time:
     D:6: 1702 daAuts
     D:2: 1093 daAuts
     D:4: 915 daAuts
     D:1: 911 daAuts
     D:7: 910 daAuts
     D:3: 816 daAuts
     D:5: 725 daAuts
  Temple: 45 daAuts
